 Dungeon Crawl Stone Soup version 0.28.0-43-g3370ac3207 (webtiles) character file.

Game seed: 12510001401772195054

53 Zeld the Firebug (level 3, 0/19 HPs)
             Began as a Deep Elf Fire Elementalist on Mar 15, 2022.
             Slain by Terence
             ... wielding a +0 flail
              (8 damage)
             ... on level 3 of the Dungeon.
             The game lasted 00:01:34 (2704 turns).

Zeld the Firebug (Deep Elf Fire Elementalist)       Turns: 2704, Time: 00:01:35

Health: 0/19       AC:  2    Str:  5    XL:     3   Next: 62%
Magic:  4/10       EV: 13    Int: 21    God:
Gold:   113        SH:  0    Dex: 15    Spells: 6/9 levels left

rFire   . . .      SeeInvis .   (no weapon)
rCold   . . .      Faith    .   (no shield)
rNeg    . . .      Spirit   .   a - +0 robe
rPois   .          Reflect  .   (no helmet)
rElec   .          Harm     .   (no cloak)
rCorr   .          Rampage  .   (no gloves)
Will    .....                   (no boots)
Stlth   ++........              (no amulet)
HPRegen 0.06/turn               (no ring)
MPRegen 0.12/turn               (no ring)

@: no status effects
A: no striking features
a: no special abilities


You were on level 3 of the Dungeon.
You visited 1 branch of the dungeon, and saw 3 of its levels.

You collected 113 gold pieces.

Inventory:

Armour
 a - a +0 robe (worn)
Scrolls
 b - a scroll of enchant weapon {unknown}
 c - a scroll of magic mapping {unknown}
 d - a scroll of identify {unknown}
 h - a scroll of torment {unknown}
Potions
 e - a potion of resistance {unknown}
 f - a potion of magic {unknown}
 g - a potion of curing {unknown}


   Skills:
 + Level 2.8 Dodging
 + Level 2.9 Stealth
 * Level 3.8 Spellcasting
 + Level 1.8 Conjurations
 * Level 4.0 Fire Magic


You had 6 spell levels left.
You knew the following spells:

 Your Spells              Type           Power      Damage    Failure   Level
a - Foxfire               Conj/Fire      64%        2x1d7     3%          1
b - Scorch                Fire           40%        2d7       3%          2

Your spell library contained the following spells:

 Spells                   Type           Power      Damage    Failure   Level
 Conjure Flame            Conj/Fire      16%        6-21      11%         3
 Inner Flame              Hex/Fire       12%        N/A       16%         3
 Flame Wave               Conj/Fire      16%        2d6       36%         4


Dungeon Overview and Level Annotations

Branches:
Dungeon (3/15)

Altars:

Annotations:
D:3 Terence


Message History

You conjure some foxfire!
Your foxfire dissipates!
Your foxfire dissipates!
Done exploring.
Casting: Foxfire (safe; 3% risk of failure)
Confirm with . or Enter, or press ? or * to list all spells.
You conjure some foxfire!
Your foxfire dissipates! x2
Done exploring.
Done exploring.
Done exploring.
There is a stone staircase leading down here.
You climb downwards.
You hear the sound of rushing water.
There is an entrance to a sewer on this level.
Hurry and find it before the portal rusts away!
There is a stone staircase leading up here.
Okay, then.
Found 10 gold pieces.
Found a scroll labelled QYATWI RIKLET.
Terence the Incautious comes into view.
He is wielding a +0 flail and wearing a +1 scale mail of willpower.
Terence shouts!
Casting: Foxfire (safe; 3% risk of failure)
Confirm with . or Enter, or press ? or * to list all spells.
Flames lash Terence.
Terence is moderately wounded.
Terence's fire resistance burns away.
Unknown command.
Casting: Scorch (safe; 3% risk of failure)
Confirm with . or Enter, or press ? or * to list all spells.
Flames lash Terence.
Terence is moderately wounded.
Terence hits you with a +0 flail!
Ouch! That really hurt!
Unknown command.
Casting: Scorch (safe; 3% risk of failure)
Confirm with . or Enter, or press ? or * to list all spells.
Flames lash Terence.
Terence is burned terribly!
Terence is heavily wounded.
Terence hits you with a +0 flail!
You die...

### #.. #.#
# #.# .# #.#
..#..
####.##..?.#
#....@@.$..#
#.#.###.#..#
###.#... ..
#...##### .#
#.#.....# #
#.#.###.# #
#...# ###.#
#<#.#


You could see Terence (combustible).

Vanquished Creatures
  2 adders (D:2)
  3 endoplasms
  3 giant cockroaches (D:1)
  5 goblins
  6 hobgoblins
  A quokka (D:2)
  3 ball pythons
  3 bats
  A frilled lizard (D:2)
  3 kobolds
  2 rats (D:1)
32 creatures vanquished.

Vanquished Creatures (collateral kills)
  5 foxfires (D:1)
5 creatures vanquished.

Vanquished Creatures (others)
  127 foxfires
127 creatures vanquished.

Grand Total: 164 creatures vanquished

Notes
Turn   | Place    | Note
-------+----------+-------------------------------------------
     0 | D:1      | Zeld the Deep Elf Fire Elementalist began the quest for the
                  | Orb.
     0 | D:1      | Reached XP level 1. HP: 10/10 MP: 6/6
   777 | D:1      | Reached XP level 2. HP: 14/14 MP: 5/8
   835 | D:1      | Learned a level 2 spell: Scorch
  1610 | D:2      | Found a faded altar of an unknown god.
  1690 | D:2      | Reached XP level 3. HP: 19/19 MP: 7/10
  2513 | D:2      | Reached skill level 4 in Fire Magic
  2699 | D:3      | Noticed Terence
  2704 | D:3      | Slain by Terence

Illustrated notes

Levels and vault maps discovered:
D:1:      sevenhm_arrival_forest_fort_large_4, layout_loops_ring, serial_forest,
          infiniplex_forest_clump_tiny, infiniplex_forest_clump_C,
          infiniplex_forest_zigzag_2, infiniplex_forest_straight_1,
          infiniplex_forest_corner_1, infiniplex_forest_lined_2,
          infiniplex_forest_lined_room_, infiniplex_forest_corner_2,
          infiniplex_forest_clump_diagonal, minmay_misc_feat_cross,
          minmay_nonomino_d4
D:2:      layout_loops_ring, nicolae_ecumenical_pavilion
D:3:      layout_basic, fedhas_ov_isle_minmay, cheibrodos_sewer_entry_bend,
          uniq_terence

Skill      XL: |  1  2  3 |
---------------+----------+-----
Fire Magic     | 4 |  4.0
Dodging        | |  2.8
Stealth        | |  2.9
Spellcasting   | |  3.8
Conjurations   | |  1.8

Action                   || total
-------------------------++-------
 Cast: Foxfire           ||    80
       Scorch            ||     9
Armor: Robe              ||    12
Dodge: Dodged            ||    15
